2932 views
Uploaded 2019-12-31 18:57:51
Game version 1.32.0.4
16:11 long 3on3 ladder game on (6)BloodstoneMesa_LV
Saved by BEARAND
2932 views
Uploaded 2019-12-31 18:57:51
Game version 1.32.0.4
16:11 long 3on3 ladder game on (6)BloodstoneMesa_LV


78 units @ 6k
/ 0k
205 buildings @ 13.7k
/ 7.7k



| Staff of Sanctuary | 2 | 500 |
| Staff of Teleportation | 3 | 450 |
| Boots of Speed | 3 | 750 |
| Periapt of Vitality | 1 | 325 |
| Healing Salve | 1 | 100 |
| total: | 10 | 2125g |
| Peasant | 24 | 1800 | / | 0 |
| Priest | 1 | 135 | / | 10 |
| total: | 25 | 1935g | / | 10w |
| Scout Tower | 70 | 2100 | / | 1400 |
| Arcane Tower | 4 | 280 | / | 200 |
| Guard Tower | 36 | 2520 | / | 1800 |
| Altar of Kings | 1 | 180 | / | 50 |
| Farm | 4 | 320 | / | 80 |
| Lumber Mill | 1 | 120 | / | 0 |
| Town Hall | 1 | 385 | / | 205 |
| Arcane Vault | 2 | 260 | / | 60 |
| Arcane Sanctum | 1 | 150 | / | 140 |
| Keep | 1 | 320 | / | 210 |
| Castle | 1 | 360 | / | 210 |
| total: | 80 | 3515g | / | 1935w |
| 0:02 | Peasant |
| 0:02 | Peasant |
| 0:07 | Altar of Kings |
| 0:13 | Peasant |
| 0:18 | Farm |
| 0:19 | Peasant |
| 0:26 | Peasant |
| 0:31 | Scout Tower |
| 0:37 | Farm |
| 0:50 | Peasant |
| 0:55 | Peasant |
| 1:06 | Lumber Mill |
| 1:17 | Peasant |
| 1:35 | Peasant |
| 1:36 | Arcane Tower |
| 1:39 | Scout Tower |
| 1:46 | Peasant |
| 1:54 | Peasant |
| 2:12 | Guard Tower |
| 2:13 | Scout Tower |
| 2:15 | Scout Tower |
| 2:18 | Peasant |
| 2:23 | Blizzard |
| 2:29 | Peasant |
| 2:29 | Peasant |
| 2:49 | Guard Tower |
| 2:49 | Scout Tower |
| 2:50 | Peasant |
| 2:51 | Arcane Tower |
| 2:52 | Scout Tower |
| 2:53 | Scout Tower |
| 3:07 | Scout Tower |
| 3:24 | Guard Tower |
| 3:26 | Scout Tower |
| 3:31 | Scout Tower |
| 3:32 | Scout Tower |
| 3:49 | Guard Tower |
| 3:49 | Guard Tower |
| 3:56 | Guard Tower |
| 4:01 | Staff of Teleportation |
| 4:01 | Boots of Speed |
| 4:05 | Scout Tower |
| 4:09 | Guard Tower |
| 4:19 | Guard Tower |
| 4:19 | Guard Tower |
| 4:51 | Brilliance Aura |
| 4:54 | Scout Tower |
| 4:57 | Keep |
| 5:51 | Guard Tower |
| 5:52 | Scout Tower |
| 5:53 | Scout Tower |
| 5:53 | Scout Tower |
| 5:54 | Scout Tower |
| 6:01 | Farm |
| 6:02 | Farm |
| 6:05 | Scout Tower |
| 6:05 | Scout Tower |
| 6:06 | Scout Tower |
| 6:06 | Scout Tower |
| 6:06 | Scout Tower |
| 6:07 | Scout Tower |
| 6:09 | Improved Masonry |
| 6:09 | Advanced Masonry |
| 6:21 | Guard Tower |
| 6:48 | Guard Tower |
| 6:50 | Scout Tower |
| 6:53 | Scout Tower |
| 6:54 | Scout Tower |
| 7:11 | Guard Tower |
| 7:14 | Healing Salve |
| 7:20 | Town Hall |
| 7:21 | Guard Tower |
| 7:23 | Scout Tower |
| 7:23 | Scout Tower |
| 7:24 | Scout Tower |
| 7:25 | Scout Tower |
| 7:26 | Scout Tower |
| 7:27 | Scout Tower |
| 7:28 | Scout Tower |
| 7:28 | Scout Tower |
| 7:29 | Scout Tower |
| 8:10 | Castle |
| 8:22 | Guard Tower |
| 8:37 | Storm Bolt |
| 9:04 | Guard Tower |
| 9:39 | Guard Tower |
| 9:42 | Arcane Sanctum |
| 9:43 | Improved Lumber Harvesting |
| 9:55 | Guard Tower |
| 9:56 | Scout Tower |
| 10:07 | Guard Tower |
| 10:08 | Arcane Tower |
| 10:20 | Arcane Tower |
| 10:45 | Guard Tower |
| 10:57 | Blizzard |
| 11:16 | Priest |
| 11:16 | Magic Sentry |
| 12:09 | Guard Tower |
| 12:11 | Scout Tower |
| 12:12 | Scout Tower |
| 12:12 | Guard Tower |
| 12:17 | Scout Tower |
| 12:18 | Holy Light |
| 12:22 | Arcane Vault |
| 12:28 | Imbued Masonry |
| 12:29 | Advanced Lumber Harvesting |
| 13:04 | Boots of Speed |
| 13:04 | Staff of Teleportation |
| 13:12 | Staff of Sanctuary |
| 13:23 | Guard Tower |
| 13:28 | Peasant |
| 13:49 | Guard Tower |
| 13:51 | Scout Tower |
| 13:52 | Scout Tower |
| 13:52 | Scout Tower |
| 13:52 | Scout Tower |
| 13:53 | Scout Tower |
| 13:56 | Peasant |
| 13:56 | Peasant |
| 13:56 | Peasant |
| 13:58 | Peasant |
| 13:59 | Peasant |
| 13:59 | Peasant |
| 14:06 | Arcane Vault |
| 14:09 | Peasant |
| 14:36 | Boots of Speed |
| 14:36 | Staff of Teleportation |
| 14:40 | Periapt of Vitality |
| 15:14 | Scout Tower |
| 15:15 | Scout Tower |
| 15:15 | Scout Tower |
| 15:15 | Scout Tower |
| 15:16 | Scout Tower |
| 15:16 | Scout Tower |
| 15:16 | Scout Tower |
| 15:17 | Scout Tower |
| 15:17 | Scout Tower |
| 15:18 | Scout Tower |
| 15:19 | Scout Tower |
| 15:19 | Scout Tower |
| 15:19 | Scout Tower |
| 15:20 | Scout Tower |
| 15:20 | Scout Tower |
| 15:20 | Scout Tower |
| 15:21 | Scout Tower |
| 15:22 | Scout Tower |
| 15:32 | Peasant |
| 15:35 | Scout Tower |
| 15:36 | Scout Tower |
| 15:36 | Scout Tower |
| 15:37 | Scout Tower |
| 15:37 | Scout Tower |
| 15:37 | Scout Tower |
| 15:38 | Scout Tower |
| 15:38 | Scout Tower |
| 15:48 | Staff of Sanctuary |
| Right click | 1546 |
| Select | 336 |
| Select group | 174 |
| Build/train/purchase | 132 |
| Chat | 84 |
| Use ability | 39 |
| Misc. action | 14 |
| Assign group | 12 |
| Resource trade | 5 |
| Item give/drop | 2 |
| Minimap ping | 2 |
| Remove unit | 1 |
TIMG4STRok
(16:09) : 

| Lesser Clarity Potion | 1 | 70 |
| Staff of Teleportation | 2 | 300 |
| Boots of Speed | 2 | 500 |
| Healing Salve | 2 | 200 |
| Orb of Lightning | 1 | 375 |
| total: | 8 | 1445g |
| Peasant | 33 | 2475 | / | 0 |
| Priest | 1 | 135 | / | 10 |
| total: | 34 | 2610g | / | 10w |
| Scout Tower | 63 | 1890 | / | 1260 |
| Arcane Tower | 5 | 350 | / | 250 |
| Guard Tower | 21 | 1470 | / | 1050 |
| Altar of Kings | 1 | 180 | / | 50 |
| Farm | 4 | 320 | / | 80 |
| Lumber Mill | 1 | 120 | / | 0 |
| Town Hall | 2 | 770 | / | 410 |
| Arcane Vault | 5 | 650 | / | 150 |
| Arcane Sanctum | 1 | 150 | / | 140 |
| Keep | 1 | 320 | / | 210 |
| Castle | 1 | 360 | / | 210 |
| total: | 77 | 4080g | / | 2090w |
| 0:03 | Peasant |
| 0:03 | Peasant |
| 0:05 | Altar of Kings |
| 0:11 | Farm |
| 0:16 | Peasant |
| 0:26 | Peasant |
| 0:47 | Peasant |
| 0:50 | Farm |
| 0:56 | Lumber Mill |
| 1:01 | Scout Tower |
| 1:03 | Peasant |
| 1:11 | Peasant |
| 1:11 | Peasant |
| 1:25 | Peasant |
| 1:27 | Arcane Tower |
| 1:40 | Scout Tower |
| 1:42 | Peasant |
| 1:49 | Farm |
| 1:51 | Peasant |
| 1:59 | Peasant |
| 2:05 | Blizzard |
| 2:08 | Arcane Tower |
| 2:24 | Scout Tower |
| 2:31 | Scout Tower |
| 2:33 | Peasant |
| 2:33 | Peasant |
| 2:58 | Guard Tower |
| 3:00 | Scout Tower |
| 3:02 | Guard Tower |
| 3:04 | Peasant |
| 3:04 | Peasant |
| 3:04 | Peasant |
| 3:07 | Scout Tower |
| 3:21 | Scout Tower |
| 3:22 | Scout Tower |
| 3:28 | Healing Salve |
| 3:28 | Lesser Clarity Potion |
| 3:48 | Staff of Teleportation |
| 3:48 | Boots of Speed |
| 3:52 | Guard Tower |
| 4:06 | Scout Tower |
| 4:06 | Scout Tower |
| 4:34 | Guard Tower |
| 4:36 | Scout Tower |
| 4:36 | Scout Tower |
| 4:52 | Brilliance Aura |
| 5:06 | Peasant |
| 5:06 | Peasant |
| 5:10 | Town Hall |
| 5:17 | Scout Tower |
| 5:17 | Scout Tower |
| 5:19 | Scout Tower |
| 5:21 | Guard Tower |
| 5:59 | Guard Tower |
| 6:01 | Scout Tower |
| 6:21 | Scout Tower |
| 6:50 | Keep |
| 6:51 | Arcane Tower |
| 6:52 | Guard Tower |
| 6:55 | Scout Tower |
| 6:57 | Scout Tower |
| 7:14 | Peasant |
| 7:14 | Peasant |
| 7:15 | Peasant |
| 7:15 | Peasant |
| 7:21 | Scout Tower |
| 7:22 | Scout Tower |
| 7:26 | Guard Tower |
| 7:58 | Healing Salve |
| 8:02 | Guard Tower |
| 8:04 | Scout Tower |
| 8:04 | Scout Tower |
| 8:05 | Scout Tower |
| 8:06 | Scout Tower |
| 8:08 | Improved Masonry |
| 8:35 | Peasant |
| 8:35 | Peasant |
| 8:49 | Scout Tower |
| 8:50 | Scout Tower |
| 8:53 | Scout Tower |
| 8:54 | Scout Tower |
| 8:56 | Scout Tower |
| 8:56 | Scout Tower |
| 8:58 | Scout Tower |
| 8:59 | Scout Tower |
| 9:02 | Guard Tower |
| 9:04 | Guard Tower |
| 9:07 | Scout Tower |
| 9:08 | Scout Tower |
| 9:09 | Scout Tower |
| 9:10 | Scout Tower |
| 9:45 | Castle |
| 9:46 | Improved Lumber Harvesting |
| 9:50 | Peasant |
| 9:50 | Peasant |
| 9:59 | Guard Tower |
| 10:06 | Peasant |
| 10:06 | Peasant |
| 10:06 | Peasant |
| 10:15 | Storm Bolt |
| 10:16 | Guard Tower |
| 10:56 | Farm |
| 11:20 | Town Hall |
| 11:30 | Scout Tower |
| 11:30 | Scout Tower |
| 11:31 | Scout Tower |
| 11:32 | Scout Tower |
| 11:33 | Scout Tower |
| 11:33 | Scout Tower |
| 11:33 | Scout Tower |
| 11:35 | Scout Tower |
| 11:35 | Scout Tower |
| 11:37 | Blizzard |
| 11:40 | Staff of Teleportation |
| 11:40 | Boots of Speed |
| 12:53 | Guard Tower |
| 12:55 | Guard Tower |
| 12:59 | Scout Tower |
| 13:00 | Scout Tower |
| 13:04 | Guard Tower |
| 13:07 | Arcane Sanctum |
| 13:09 | Advanced Lumber Harvesting |
| 13:10 | Advanced Masonry |
| 13:38 | Scout Tower |
| 13:39 | Scout Tower |
| 13:40 | Scout Tower |
| 13:41 | Scout Tower |
| 13:42 | Scout Tower |
| 13:43 | Scout Tower |
| 13:44 | Scout Tower |
| 13:45 | Scout Tower |
| 13:46 | Peasant |
| 13:47 | Peasant |
| 13:49 | Guard Tower |
| 13:52 | Scout Tower |
| 13:53 | Scout Tower |
| 13:54 | Scout Tower |
| 13:56 | Arcane Tower |
| 13:57 | Scout Tower |
| 13:58 | Scout Tower |
| 13:58 | Scout Tower |
| 13:59 | Scout Tower |
| 14:06 | Arcane Vault |
| 14:06 | Arcane Vault |
| 14:08 | Arcane Vault |
| 14:10 | Arcane Vault |
| 14:11 | Arcane Vault |
| 14:23 | Magic Sentry |
| 14:24 | Priest |
| 14:25 | Priest Adept Training |
| 14:29 | Guard Tower |
| 14:46 | Peasant |
| 15:11 | Guard Tower |
| 15:32 | Bash |
| 15:51 | Orb of Lightning |
| 15:59 | Guard Tower |
| 16:01 | Guard Tower |
| Right click | 995 |
| Select group | 399 |
| Select | 198 |
| Build/train/purchase | 118 |
| Use ability | 38 |
| Misc. action | 33 |
| Chat | 22 |
| Minimap ping | 15 |
| Resource trade | 14 |
| Assign group | 6 |
| Item give/drop | 4 |
| Esc | 3 |


| Healing Salve | 1 | 100 |
| Orb of Lightning | 1 | 375 |
| Boots of Speed | 1 | 250 |
| Staff of Teleportation | 1 | 150 |
| total: | 4 | 875g |
| Peon | 19 | 1425 | / | 0 |
| total: | 19 | 1425g | / | 0w |
| Watch Tower | 33 | 3630 | / | 2640 |
| Altar of Storms | 1 | 180 | / | 50 |
| Orc Burrow | 3 | 480 | / | 120 |
| War Mill | 1 | 205 | / | 0 |
| Voodoo Lounge | 5 | 650 | / | 150 |
| Great Hall | 1 | 385 | / | 185 |
| Beastiary | 4 | 580 | / | 560 |
| Stronghold | 1 | 315 | / | 190 |
| Fortress | 1 | 325 | / | 190 |
| total: | 48 | 6110g | / | 3705w |
| 0:03 | Peon |
| 0:04 | Peon |
| 0:08 | Altar of Storms |
| 0:20 | Orc Burrow |
| 0:35 | War Mill |
| 0:37 | Peon |
| 0:48 | Peon |
| 0:56 | Peon |
| 1:15 | Voodoo Lounge |
| 1:26 | Peon |
| 1:27 | Peon |
| 1:41 | Peon |
| 2:02 | Watch Tower |
| 2:11 | Wind Walk |
| 2:15 | Peon |
| 2:18 | Healing Salve |
| 2:21 | Watch Tower |
| 2:29 | Peon |
| 2:29 | Peon |
| 2:48 | Peon |
| 2:50 | Watch Tower |
| 3:35 | Watch Tower |
| 3:48 | Watch Tower |
| 3:51 | Watch Tower |
| 3:57 | Orc Burrow |
| 4:06 | Boots of Speed |
| 4:07 | Staff of Teleportation |
| 4:48 | Watch Tower |
| 5:32 | Peon |
| 5:32 | Peon |
| 5:43 | Watch Tower |
| 5:45 | Voodoo Lounge |
| 5:48 | Watch Tower |
| 5:52 | Watch Tower |
| 5:53 | Peon |
| 6:14 | Critical Strike |
| 6:21 | Watch Tower |
| 6:25 | Voodoo Lounge |
| 6:32 | Watch Tower |
| 6:36 | Watch Tower |
| 6:52 | Voodoo Lounge |
| 6:53 | Watch Tower |
| 7:03 | Watch Tower |
| 7:30 | Stronghold |
| 8:00 | Watch Tower |
| 8:02 | Watch Tower |
| 8:18 | Watch Tower |
| 9:09 | Watch Tower |
| 9:12 | Watch Tower |
| 9:27 | Watch Tower |
| 9:54 | Fortress |
| 10:04 | Spiked Barricades |
| 10:04 | Reinforced Defenses |
| 10:11 | Beastiary |
| 10:16 | Watch Tower |
| 10:23 | Watch Tower |
| 10:34 | Beastiary |
| 10:39 | Beastiary |
| 10:52 | Hex |
| 11:15 | Watch Tower |
| 11:17 | Watch Tower |
| 11:59 | Great Hall |
| 12:01 | Watch Tower |
| 12:23 | Wind Walk |
| 12:44 | Healing Wave |
| 12:49 | Beastiary |
| 12:51 | Voodoo Lounge |
| 12:54 | Watch Tower |
| 13:16 | Orc Burrow |
| 13:21 | Watch Tower |
| 13:42 | Watch Tower |
| 13:48 | Orb of Lightning |
| 14:01 | Watch Tower |
| 14:23 | Watch Tower |
| 14:51 | Watch Tower |
| 15:25 | Peon |
| 15:25 | Peon |
| 15:25 | Peon |
| 15:26 | Peon |
| 15:29 | Watch Tower |
| Right click | 1454 |
| Select | 257 |
| Select group | 93 |
| Build/train/purchase | 51 |
| Misc. action | 30 |
| Use ability | 13 |
| Assign group | 3 |
| Esc | 2 |
| Minimap ping | 2 |
| Item give/drop | 1 |
100 units @ 13.3k
/ 1.3k
49 buildings @ 6.7k
/ 2.6k


| Orb of Fire | 1 | 325 |
| Potion of Mana | 1 | 200 |
| Scroll of Town Portal | 1 | 350 |
| Scroll of Healing | 1 | 250 |
| Staff of Teleportation | 1 | 150 |
| total: | 5 | 1275g |
| Peasant | 19 | 1425 | / | 0 |
| Footman | 11 | 1485 | / | 0 |
| Priest | 2 | 270 | / | 20 |
| Gryphon Rider | 1 | 280 | / | 70 |
| Razormane Medicine Man | 1 | 350 | / | 60 |
| total: | 34 | 3810g | / | 150w |
| Scout Tower | 7 | 210 | / | 140 |
| Guard Tower | 3 | 210 | / | 150 |
| Arcane Tower | 1 | 70 | / | 50 |
| Farm | 9 | 720 | / | 180 |
| Altar of Kings | 1 | 180 | / | 50 |
| Barracks | 1 | 160 | / | 60 |
| Arcane Vault | 1 | 130 | / | 30 |
| Town Hall | 1 | 385 | / | 205 |
| Lumber Mill | 1 | 120 | / | 0 |
| Blacksmith | 1 | 140 | / | 60 |
| Arcane Sanctum | 1 | 150 | / | 140 |
| Gryphon Aviary | 3 | 420 | / | 450 |
| Keep | 1 | 320 | / | 210 |
| Castle | 1 | 360 | / | 210 |
| total: | 26 | 2615g | / | 1315w |
| 0:08 | Peasant |
| 0:08 | Peasant |
| 0:08 | Peasant |
| 0:08 | Peasant |
| 0:17 | Farm |
| 0:27 | Altar of Kings |
| 0:34 | Peasant |
| 0:34 | Peasant |
| 0:59 | Farm |
| 1:31 | Barracks |
| 1:57 | Peasant |
| 1:58 | Peasant |
| 1:58 | Peasant |
| 2:17 | Footman |
| 2:18 | Footman |
| 2:41 | Storm Bolt |
| 3:09 | Keep |
| 3:19 | Farm |
| 4:18 | Footman |
| 4:47 | Footman |
| 6:09 | Footman |
| 6:09 | Footman |
| 6:26 | Peasant |
| 6:26 | Peasant |
| 6:27 | Peasant |
| 6:27 | Peasant |
| 6:51 | Arcane Vault |
| 7:13 | Town Hall |
| 7:32 | Scout Tower |
| 7:33 | Scout Tower |
| 7:34 | Scout Tower |
| 7:35 | Scout Tower |
| 7:40 | Farm |
| 7:51 | Footman |
| 7:52 | Footman |
| 8:11 | Arcane Sanctum |
| 8:19 | Lumber Mill |
| 8:29 | Scout Tower |
| 8:30 | Scout Tower |
| 8:32 | Scout Tower |
| 8:39 | Footman |
| 8:45 | Blacksmith |
| 8:50 | Bash |
| 9:49 | Farm |
| 9:55 | Holy Light |
| 9:57 | Scroll of Town Portal |
| 10:16 | Farm |
| 10:16 | Farm |
| 10:18 | Farm |
| 10:21 | Guard Tower |
| 10:23 | Guard Tower |
| 10:25 | Guard Tower |
| 10:27 | Arcane Tower |
| 10:44 | Improved Lumber Harvesting |
| 10:44 | Improved Masonry |
| 10:59 | Razormane Medicine Man |
| 12:00 | Storm Bolt |
| 12:53 | Castle |
| 12:57 | Peasant |
| 12:57 | Peasant |
| 12:57 | Peasant |
| 13:08 | Gryphon Aviary |
| 13:24 | Iron Forged Swords |
| 13:34 | Priest |
| 13:34 | Priest |
| 13:50 | Peasant |
| 13:51 | Peasant |
| 13:51 | Peasant |
| 14:59 | Staff of Teleportation |
| 14:59 | Scroll of Healing |
| 15:07 | Footman |
| 15:07 | Footman |
| 15:11 | Farm |
| 15:18 | Gryphon Rider |
| 15:25 | Gryphon Aviary |
| 15:26 | Gryphon Aviary |
| 15:44 | Orb of Fire |
| 15:47 | Potion of Mana |
| Select | 139 |
| Right click | 135 |
| Build/train/purchase | 56 |
| Use ability | 14 |
| Misc. action | 8 |

| Scroll of Healing | 1 | 250 |
| Scroll of Town Portal | 1 | 350 |
| Potion of Lesser Invulnerability | 1 | 150 |
| Periapt of Vitality | 1 | 325 |
| total: | 4 | 1075g |
| Acolyte | 10 | 750 | / | 0 |
| Ghoul | 13 | 1560 | / | 0 |
| Crypt Fiend | 10 | 2150 | / | 400 |
| total: | 33 | 4460g | / | 400w |
| Spirit Tower | 2 | 290 | / | 80 |
| Altar of Darkness | 1 | 180 | / | 50 |
| Ziggurat | 8 | 1200 | / | 400 |
| Crypt | 2 | 400 | / | 100 |
| Graveyard | 1 | 215 | / | 0 |
| Halls of the Dead | 1 | 320 | / | 210 |
| total: | 12 | 1995g | / | 550w |
| 0:30 | Acolyte |
| 0:30 | Acolyte |
| 0:31 | Acolyte |
| 1:01 | Altar of Darkness |
| 1:08 | Ziggurat |
| 1:33 | Crypt |
| 1:34 | Crypt |
| 1:52 | Ziggurat |
| 2:34 | Ghoul |
| 2:34 | Ghoul |
| 2:34 | Ghoul |
| 2:34 | Ghoul |
| 2:34 | Ghoul |
| 3:17 | Acolyte |
| 3:17 | Acolyte |
| 3:24 | Carrion Swarm |
| 3:40 | Ghoul |
| 3:40 | Ghoul |
| 3:54 | Ghoul |
| 5:35 | Ghoul |
| 5:35 | Ghoul |
| 5:35 | Ghoul |
| 5:42 | Graveyard |
| 6:24 | Ziggurat |
| 6:27 | Ziggurat |
| 6:28 | Ziggurat |
| 6:47 | Acolyte |
| 6:47 | Acolyte |
| 6:47 | Acolyte |
| 6:47 | Acolyte |
| 6:48 | Acolyte |
| 7:22 | Spirit Tower |
| 8:05 | Sleep |
| 8:31 | Spirit Tower |
| 8:53 | Crypt Fiend |
| 8:58 | Crypt Fiend |
| 9:13 | Creature Attack |
| 9:45 | Crypt Fiend |
| 10:17 | Unholy Strength |
| 10:18 | Creature Carapace |
| 10:36 | Crypt Fiend |
| 11:55 | Halls of the Dead |
| 11:58 | Crypt Fiend |
| 12:09 | Crypt Fiend |
| 12:13 | Ghoul |
| 12:14 | Ghoul |
| 13:15 | Crypt Fiend |
| 13:16 | Crypt Fiend |
| 13:53 | Carrion Swarm |
| 14:04 | Crypt Fiend |
| 14:04 | Crypt Fiend |
| 14:11 | Ziggurat |
| 14:12 | Ziggurat |
| 14:15 | Ziggurat |
| 14:28 | Burrow |
| 14:47 | Scroll of Healing |
| 14:47 | Potion of Lesser Invulnerability |
| 14:48 | Scroll of Town Portal |
| 14:49 | Periapt of Vitality |
| Right click | 369 |
| Select | 164 |
| Build/train/purchase | 48 |
| Chat | 43 |
| Minimap ping | 11 |
| Use ability | 10 |
| Remove unit | 2 |

| Scroll of Healing | 1 | 250 |
| Periapt of Vitality | 1 | 325 |
| Potion of Lesser Invulnerability | 2 | 300 |
| total: | 4 | 875g |
| Wisp | 11 | 660 | / | 0 |
| Huntress | 15 | 2925 | / | 300 |
| Glaive Thrower | 7 | 1470 | / | 455 |
| total: | 33 | 5055g | / | 755w |
| Ancient Protector | 1 | 135 | / | 80 |
| Moon Well | 5 | 900 | / | 200 |
| Altar of Elders | 1 | 180 | / | 50 |
| Hunter's Hall | 1 | 210 | / | 100 |
| Ancient of War | 2 | 300 | / | 120 |
| Tree of Life | 1 | 340 | / | 185 |
| Tree of Ages | 1 | 320 | / | 180 |
| Tree of Eternity | 1 | 330 | / | 200 |
| total: | 11 | 2065g | / | 735w |
| 0:04 | Wisp |
| 0:04 | Wisp |
| 0:04 | Wisp |
| 0:04 | Wisp |
| 0:05 | Wisp |
| 0:06 | Wisp |
| 0:22 | Moon Well |
| 0:36 | Altar of Elders |
| 0:39 | Wisp |
| 0:39 | Wisp |
| 1:28 | Hunter's Hall |
| 1:31 | Wisp |
| 1:31 | Wisp |
| 1:44 | Moon Well |
| 2:19 | Moon Well |
| 2:23 | Wisp |
| 2:30 | Ancient of War |
| 2:37 | Ancient of War |
| 2:41 | Evasion |
| 2:59 | Strength of the Moon |
| 4:00 | Huntress |
| 4:00 | Huntress |
| 4:02 | Huntress |
| 4:02 | Huntress |
| 4:13 | Moon Well |
| 4:38 | Huntress |
| 4:45 | Moon Armor |
| 5:49 | Glaive Thrower |
| 5:51 | Huntress |
| 5:51 | Huntress |
| 6:10 | Glaive Thrower |
| 6:50 | Tree of Ages |
| 6:56 | Glaive Thrower |
| 7:45 | Immolation |
| 8:01 | Periapt of Vitality |
| 8:07 | Scroll of Healing |
| 8:09 | Potion of Lesser Invulnerability |
| 8:43 | Tree of Life |
| 9:00 | Huntress |
| 9:12 | Moon Well |
| 9:59 | Moon Glaive |
| 10:02 | Vorpal Blades |
| 10:10 | Improved Strength of the Moon |
| 10:53 | Evasion |
| 12:05 | Tree of Eternity |
| 12:27 | Huntress |
| 12:28 | Huntress |
| 12:30 | Huntress |
| 12:30 | Huntress |
| 12:33 | Improved Moon Armor |
| 12:47 | Ancient Protector |
| 13:26 | Huntress |
| 13:28 | Huntress |
| 14:06 | Glaive Thrower |
| 14:09 | Glaive Thrower |
| 14:22 | Potion of Lesser Invulnerability |
| 14:36 | Huntress |
| 15:30 | Glaive Thrower |
| 15:32 | Glaive Thrower |
| Right click | 185 |
| Select group | 116 |
| Select | 110 |
| Build/train/purchase | 55 |
| Assign group | 8 |
| Minimap ping | 5 |
| Use ability | 2 |
โ